 Dungeon Crawl Stone Soup version 0.21-a0-417-g0adc95b (webtiles) character file.

185 Koleisus the Cudgeler (level 5, -8/39 HPs)
             Began as a Demonspawn Gladiator on Nov 3, 2017.
             Mangled by an ogre
             ... wielding a +0 giant club
              (14 damage)
             ... on level 3 of the Dungeon.
             The game lasted 00:08:54 (2479 turns).

Koleisus the Cudgeler (Demonspawn Gladiator)        Turns: 2479, Time: 00:08:54

Health: -8/39      AC:  2    Str: 15    XL:     5   Next: 37%
Magic:  5/5        EV: 13    Int: 10    God:
Gold:   123        SH:  0    Dex: 14    Spells: 4/4 levels left

rFire    . . .     SeeInvis .   z - -2 short sword (curse)
rCold    . . .     Gourm    .   (no shield)
rNeg     . . .     Faith    .   b - +0 leather armour
rPois    +         Spirit   .   c - +0 helmet
rElec    .         Reflect  .   (no cloak)
rCorr    .         Harm     .   (no gloves)
MR       .....                  (no boots)
Stlth    +.........             m - amulet of regeneration
HPRegen  0.53/turn              l - -2 ring of protection (curse)
MPRegen  0.09/turn              n - ring of poison resistance

@: no status effects
A: hooves 1, foul stench 1, rot immunity
a: no special abilities


You were on level 3 of the Dungeon.
You were not hungry.

You visited 1 branch of the dungeon, and saw 4 of its levels.

You collected 123 gold pieces.

Inventory:

Hand Weapons
 a - a +0 flail
 x - a +0 fustibalus
 z - a cursed -2 short sword (weapon)
Missiles
 d - a throwing net (quivered)
 j - 35 arrows
 s - 85 stones
Armour
 b - a +0 leather armour (worn)
 c - a +0 helmet (worn)
Jewellery
 l - a cursed -2 ring of protection (left hand)
 m - an amulet of regeneration (around neck)
 n - a ring of poison resistance (right hand)
Scrolls
 e - 6 scrolls of identify {unknown}
 g - a scroll of fog {unknown}
 p - 2 scrolls of teleportation {unknown}
 q - a scroll of immolation {unknown}
 y - a scroll of amnesia {unknown}
Potions
 h - a potion of experience {unknown}
 i - a potion of mutation {unknown}
 r - a potion of invisibility {unknown}
 u - a potion of degeneration {unknown}
 w - a potion of heal wounds {unknown}
Comestibles
 f - 6 bread rations
 k - 2 fruits
 o - 2 meat rations
 t - 7 chunks of flesh
 v - a royal jelly


   Skills:
 + Level 2.5 Fighting
 + Level 4.1 Maces & Flails
 + Level 1.8 Throwing
 + Level 2.0 Armour
 + Level 3.6 Dodging
 + Level 0.2 Stealth


You had 4 spell levels left.
You didn't know any spells.

Dungeon Overview and Level Annotations

Branches:
Dungeon (4/15)
 Temple: D:4-7

Altars:


Innate Abilities, Weirdness & Mutations

You have large cloven feet.
You may emit foul miasma when damaged in melee.
You are immune to rotting.


Message History

The ogre misses you.
You hit the ogre but do no damage.
The ogre is heavily wounded.
The ogre closely misses you.
You hit the ogre. You kick the ogre.
The ogre is heavily wounded.
The ogre hits you with a giant club!
The ogre looks sick.
You hit the ogre. You kick the ogre.
The ogre is severely wounded.
The ogre hits you with a giant club!
* * * LOW HITPOINT WARNING * * *
You barely miss the ogre.
The ogre is severely wounded.
The ogre barely misses you.
You barely miss the ogre. Your kick misses the ogre.
The ogre is severely wounded.
You barely miss the ogre.
The ogre is severely wounded.
The ogre hits you with a giant club!
You die...

#<# #... #.# . .#
#... ..#####...###
#### ##..............
# ....!.##..#...# # #
...#.##..##.# .#
.#...........##.##
..#..#.##.........#
.(..$.KO@..#..#..##..
.......##............
#...##. ##.#..##.##.
### #. #.#.## #.
#.#.###.# #.
#.......# ..
#.....### #. #.....#
#.....#


You could see an ogre and a kobold.

Vanquished Creatures
  A worker ant (D:3)
  4 gnolls (D:3)
  4 adders
  An ooze (D:1)
  A worm (D:2)
  2 dart slugs (D:2)
  A leopard gecko (D:1)
  8 bats
  4 giant cockroaches
  10 goblins
  10 hobgoblins
  9 jackals (D:1)
  4 ball pythons
  A frilled lizard (D:2)
  6 kobolds
  6 rats
72 creatures vanquished.

Notes
Turn   | Place    | Note
-------+----------+-------------------------------------------
     0 | D:1      | Koleisus the Demonspawn Gladiator began the quest for the Orb.
     0 | D:1      | Reached XP level 1. HP: 16/16 MP: 1/1
   146 | D:1      | Reached skill level 3 in Maces & Flails
   151 | D:1      | Gained mutation: You are immune to rotting. [demonic ancestry]
   151 | D:1      | Reached XP level 2. HP: 16/22 MP: 2/2
   490 | D:1      | Gained mutation: You may emit foul miasma when damaged in melee. [demonic ancestry]
   490 | D:1      | Reached XP level 3. HP: 26/27 MP: 3/3
   676 | D:1      | Reached skill level 1 in Armour
  1391 | D:2      | Gained mutation: You have large cloven feet. [demonic ancestry]
  1391 | D:2      | Reached XP level 4. HP: 27/33 MP: 4/4
  2248 | D:3      | Reached XP level 5. HP: 10/39 MP: 5/5
  2253 | D:3      | Reached skill level 4 in Maces & Flails
  2463 | D:3      | Noticed an ogre
  2479 | D:3      | Mangled by an ogre

Vault maps used:
D:1:      sevenhm_arrival_forest_fort_small_3
D:2:      minmay_door_path, first_bread
D:3:      minivault_24

Skill      XL: |  1  2  3  4  5 |
---------------+----------------+-----
Maces & Flails | 3 4 |  4.1
Dodging        | 3 |  3.6
Armour         | 1 2 |  2.0
Fighting       | |  2.5
Throwing       | |  1.8
Stealth        | |  0.2

Action                   |  1- 3 |  4- 6 || total
-------------------------+-------+-------++-------
Melee: Flail             |   144 |    90 ||   234
       Kick              |       |    30 ||    30
       Short sword       |       |    11 ||    11
Throw: Throwing net      |       |     2 ||     2
  Use: Potion            |     1 |     1 ||     2
 Stab: Sleeping          |       |     1 ||     1
  Eat: Chunk             |     2 |     3 ||     5
Armor: Leather armour    |    60 |     8 ||    68
Dodge: Dodged            |   157 |    69 ||   226

Table legend:
 A = Spawn XP
 B = Non-spawn XP
 C = Spawn XP percentage of total XP
 D = Spawn monster count
 E = Non-spawn monster count
 F = Spawn count percentage of total count
 G = Total turns spent on level
                    A         B        C        D         E        F      G
               +---------+---------+-------+---------+---------+-------+---------
         Total |       0 |     265 |   0.0 |       0 |      72 |   0.0 |  2479
               +---------+---------+-------+---------+---------+-------+---------
           D:1 |       0 |      75 |   0.0 |       0 |      42 |   0.0 |  1328
           D:2 |       0 |      81 |   0.0 |       0 |      22 |   0.0 |   865
           D:3 |       0 |     109 |   0.0 |       0 |       8 |   0.0 |   284
               +---------+---------+-------+---------+---------+-------+---------
